 Dungeon Crawl Stone Soup version 0.16.0-18-g484a79e (console) character file.

1754 gw the Cutter (level 9, -3/47 HPs)
             Began as a Vine Stalker Chaos Knight on Mar 22, 2015.
             Killed by an exploding ball lightning (20 damage)
             ... created by the player character
             ... on level 6 of the Dungeon.
             The game lasted 00:07:57 (6212 turns).

gw the Cutter (Vine Stalker Chaos Knight)           Turns: 6212, Time: 00:07:57

Health: -3/47      AC:  7    Str: 15    XL:     9   Next: 6%
Magic:  0/12       EV: 16    Int: 12    God:    Xom [......]
Gold:   237        SH:  0    Dex: 17    Spells: 0 memorised, 8 levels left

rFire  . . .     SeeInvis .     a - +0 short sword (chaos)
rCold  . . .     Clarity  .     d - +0 ring mail
rNeg   . . .     SustAb   .     (no shield)
rPois  .         Gourm    .     k - +0 helmet
rElec  .         Spirit   +     (no cloak)
rCorr  .         Warding  .     (no gloves)
rMut   .         Stasis   .     (no boots)
MR     +....                    (no amulet)
Stlth  +.........               (no ring)
                                p - +3 ring of evasion

@: somewhat resistant to hostile enchantments, very unstealthy
A: fangs 3, deterioration 1, regeneration 2, shaggy fur 1, wild magic 1, magic
shield, antimagic bite, no device heal 3, rot immunity
a: Renounce Religion


You were on level 6 of the Dungeon.
You worshipped Xom.
You were a very special plaything of Xom.
You were not hungry.

You visited 1 branch of the dungeon, and saw 6 of its levels.

You collected 237 gold pieces.

Inventory:

Hand weapons
 a - a +0 short sword of chaos (weapon)
Missiles
 b - 114 stones (quivered)
 j - 26 poisoned needles
Armour
 d - a +0 ring mail (worn)
 k - a +0 helmet (worn)
Jewellery
 p - a +3 ring of evasion (left hand)
Scrolls
 h - 10 scrolls of identify
 l - 3 scrolls of remove curse
 n - a scroll of noise {unknown}
 q - a scroll of enchant weapon {unknown}
 s - 2 scrolls of teleportation
Potions
 e - 2 potions of haste
 g - 2 potions of curing
 m - a potion of might
Comestibles
 c - 2 bread rations
 f - 7 meat rations
 i - 5 fruits


   Skills:
 + Level 5.4 Fighting
 * Level 7.1 Short Blades
 + Level 4.3 Throwing
 - Level 1.5 Armour
 + Level 4.0 Dodging


You had 8 spell levels left.
You didn't know any spells.

Dungeon Overview and Level Annotations

Branches:
Dungeon (6/15)             Temple (0/1) D:5

Altars:
Ashenzari
Elyvilon
Makhleb
Nemelex Xobeh
Qazlal
Ru
Sif Muna

Shops:
D:5 [


Innate Abilities, Weirdness & Mutations

You have razor-sharp teeth.
You heal very quickly.
When hurt, damage is shared between your health and your magic reserves.
Your bite disrupts and absorbs the magic of your enemies.
Potions and wands cannot restore your health.
You are immune to rotting.
Your body is slowly deteriorating.
You are covered in fur (AC +1).
Your spells are a little harder to cast, but a little more powerful.


Message History

Your unstable footing causes you to fumble your attack.
Xom guffaws.
You create some ball lightning!
You are now a very special plaything of Xom.
Unknown command.
Unknown command.
Unknown command.
Unknown command.
ATTACKING (-1,-1)
You hit the ice beast but do no damage. Your bite misses the ice beast.
The ice beast is lightly wounded.
The ice beast hits you. The ice beast freezes you!
Your ball lightning explodes!
The blast of lightning engulfs the ice beast.
The ice beast is severely wounded.
The blast of lightning engulfs the plant.
The plant is moderately damaged.
The blast of lightning engulfs you!
You die...
Xom roars with laughter!

#...#
#.#.#
#.###.#.#
#.......#
{
#####.###
###~#.#
#(~~~P#
#YP7~~#
#.#f7~##
.. ##*~#
# ####


You could see an ice beast and a friendly ball lightning.

Table legend:
 A = Turns spent in this place as a percentage of turns spent in the entire game.
 B = Non-inter-level travel turns spent in this place as a percentage of non-inter-level travel turns spent in the entire game.
 C = Inter-level travel turns spent in this place as a percentage of turns spent in this place.
 D = Turns resting spent in this place as a percentage of non-inter-level travel turns spent in this place.
 E = Turns spent auto-exploring this place as a percentage of non-inter-level travel turns spent in this place.
 F = Non-inter-level travel turns spent in this place divided by the number of levels of this place that you've seen.
                   A       B       C       D       E      F
               +-------+-------+-------+-------+-------+----------------------
         Total | 100.0 | 100.0 |   0.5 |   0.7 |   2.4 | 1763.7
       Dungeon | 100.0 | 100.0 |   0.5 |   0.7 |   2.4 | 1763.7
               +-------+-------+-------+-------+-------+----------------------

Table legend:
 A = Kills in this place as a percentage of kills in entire the game.
 B = Kills by you in this place as a percentage of kills by you in the entire game.
 C = Kills by friends in this place as a percentage of kills by friends in the entire game.
 D = Other kills in this place as a percentage of other kills in the entire game.
 E = Experience gained in this place as a percentage of experience gained in the entire game.
 F = Experience gained in this place divided by the number of levels of this place that you have seen.
                   A       B       C       D       E      F
               +-------+-------+-------+-------+-------+----------------------
         Total | 100.0 | 100.0 | 100.0 |  -nan | 100.0 | 417.7
       Dungeon | 100.0 | 100.0 | 100.0 |  -nan | 100.0 | 417.7
               +-------+-------+-------+-------+-------+----------------------

Vanquished Creatures
  The ghost of Artificial the Digger, an experienced GrEE (D:5)
  The ghost of gw the Twirler, an average DgGl (D:4)
  A hog (D:6)
  A hippogriff (D:5)
  A sky beast (D:5)
  An ogre (D:5)
  The ghost of jackrogers the Poker, an average DrGl (D:3)
  A centaur (D:6)
  2 scorpions (D:4)
  An orc priest (D:3)
  A crimson imp (D:5)
  5 hounds
  2 jellies (D:5)
  2 worker ants
  A sheep (D:2)
  2 iguanas (D:4)
  A hound skeleton (D:6)
  Robin (D:3)
  7 adders
  2 giant mites
  4 worms
  A shadow imp (D:5)
  An adder skeleton (D:4)
  A giant gecko (D:1)
  An ooze (D:4)
  7 orcs
  6 bats
  10 hobgoblins
  8 jackals
  3 quokkas
  A ball python (D:3)
  3 giant cockroaches
  7 giant newts
  23 goblins
  11 kobolds
  8 rats
130 creatures vanquished.

Vanquished Creatures (collateral kills)
  A centaur (D:5)
  An orc priest (D:5)
  An adder (D:5)
  An orc (D:5)
  A ball python (D:5)
  A rat (D:5)
6 creatures vanquished.

Vanquished Creatures (others)
  A giant spore (D:6)
1 creature vanquished.

Grand Total: 137 creatures vanquished

Notes
Turn   | Place    | Note
--------------------------------------------------------------
     0 | D:1      | gw, the Vine Stalker Chaos Knight, began the quest for the Orb.
     0 | D:1      | Reached XP level 1. HP: 11/11 MP: 1/1
   291 | D:1      | Reached XP level 2. HP: 16/16 MP: 3/3
   411 | D:1      | Reached skill level 3 in Short Blades
   471 | D:1      | XOM: divination: detect creatures
   478 | D:1      | Reached skill level 1 in Dodging
   691 | D:1      | Gained mutation: You occasionally shout uncontrollably at your foes. [potion of mutation]
   691 | D:1      | Gained mutation: You are covered in fur (AC +1). [potion of mutation]
   691 | D:1      | Gained mutation: You are partially covered in rugged brown scales (AC +1, +3% HP). [potion of mutation]
   781 | D:2      | Found a sparkling altar of Nemelex Xobeh.
   822 | D:2      | Reached XP level 3. HP: 16/19 MP: 2/4
   903 | D:2      | Reached skill level 1 in Throwing
   926 | D:2      | XOM: harmless Ice miscast
  1187 | D:2      | XOM: potion effect (brilliance)
  1202 | D:2      | XOM: harmless Pois miscast
  1218 | D:2      | XOM: give mutations
  1218 | D:2      | Gained mutation: You can translocate small distances at will. [Xom's grace]
  1218 | D:2      | Gained mutation: You are agile. (Dex +2) [Xom's grace]
  1218 | D:2      | Gained mutation: Your mind is acute. (Int +2) [Xom's grace]
  1218 | D:2      | Gained mutation: Your mind is very acute. (Int +4) [Xom's grace]
  1293 | D:2      | XOM: 8-stop teleportation journey
  1380 | D:2      | XOM: smoke on damage
  1381 | D:2      | Reached XP level 4. HP: 22/24 MP: 5/5
  1577 | D:2      | Reached XP level 5. HP: 28/28 MP: 7/7
  1610 | D:2      | XOM: silly message
  1633 | D:2      | XOM: divination: magic mapping
  1688 | D:2      | XOM: colour smoke trail
  1795 | D:2      | XOM: potion effect (agility)
  2305 | D:3      | Noticed Robin
  2311 | D:3      | Killed Robin
  2311 | D:3      | Reached skill level 4 in Short Blades
  2452 | D:3      | XOM: cast spell 'Spider Form'
  2539 | D:3      | XOM: medium Pois miscast
  2592 | D:3      | XOM: harmless Trmt miscast
  2787 | D:3      | Found a stormy altar of Qazlal.
  3027 | D:3      | Gained mutation: You heal very quickly. [vine stalker growth]
  3027 | D:3      | Reached XP level 6. HP: 29/32 MP: 8/8
  3194 | D:3      | Noticed jackrogers' ghost (average DrGl)
  3205 | D:3      | XOM: potion effect (invisibility)
  3211 | D:3      | Killed jackrogers' ghost
  3408 | D:4      | Found a burning altar of Makhleb.
  3424 | D:4      | Got a scorched leather armour
  3435 | D:4      | Identified the +1 leather armour of Trusirog {-Cast +Inv rElec rN+} (You found it on level 4 of the Dungeon)
  3578 | D:4      | XOM: divination: detect creatures
  3635 | D:4      | Noticed gw's ghost (average DgGl)
  3642 | D:4      | Killed gw's ghost
  3642 | D:4      | Reached XP level 7. HP: 38/38 MP: 9/9
  3661 | D:4      | Reached skill level 5 in Short Blades
  3756 | D:4      | Found a sacrificial altar of Ru.
  3777 | D:4      | XOM: noise
  3798 | D:4      | Noticed Edmund
  3806 | D:4      | Noticed Edmund
  3806 | D:4      | Edmund changed into Edmund the hound
  3806 | D:4      | XOM: polymorph Edmund -> Edmund the hound
  3814 | D:4      | Killed Edmund the hound
  4000 | D:4      | Found a shattered altar of Ashenzari.
  4138 | D:4      | XOM: colour smoke trail
  4212 | D:4      | XOM: destruction
  4224 | D:4      | XOM: divination: detect creatures
  4294 | D:4      | Lost mutation: Your mind is very acute. (Int +4) [potion of cure mutation]
  4294 | D:4      | Lost mutation: Your mind is acute. (Int +2) [potion of cure mutation]
  4294 | D:4      | Lost mutation: You occasionally shout uncontrollably at your foes. [potion of cure mutation]
  4294 | D:4      | Lost mutation: You are partially covered in rugged brown scales (AC +1, +3% HP). [potion of cure mutation]
  4294 | D:4      | Lost mutation: You are agile. (Dex +2) [potion of cure mutation]
  4294 | D:4      | Lost mutation: You can translocate small distances at will. [potion of cure mutation]
  4341 | D:5      | Entered Level 5 of the Dungeon
  4361 | D:5      | XOM: enchant monster (good)
  4494 | D:5      | XOM: medium Divn miscast
  4590 | D:5      | XOM: noise
  4595 | D:5      | Gained mutation: You have razor-sharp teeth. [vine stalker growth]
  4595 | D:5      | Reached XP level 8. HP: 42/42 MP: 11/11
  4602 | D:5      | XOM: give mutations
  4602 | D:5      | Gained mutation: Armour fits poorly on your strangely shaped body. [Xom's mischief]
  4733 | D:5      | XOM: chaos cloud
  4829 | D:5      | Noticed a hippogriff
  4844 | D:5      | Killed a hippogriff
  4867 | D:5      | XOM: give mutations
  4867 | D:5      | Lost mutation: Armour fits poorly on your strangely shaped body. [Xom's mischief]
  4867 | D:5      | Gained mutation: Your body is slowly deteriorating. [Xom's mischief]
  4867 | D:5      | Gained mutation: Your spells are a little harder to cast, but a little more powerful. [Xom's mischief]
  4867 | D:5      | Gained mutation: Your body is deteriorating. [Xom's mischief]
  4906 | D:5      | Noticed Artificial's ghost (experienced GrEE)
  4917 | D:5      | Killed Artificial's ghost
  4917 | D:5      | Reached skill level 6 in Short Blades
  4977 | D:5      | Found a staircase to the Ecumenical Temple.
  5082 | D:5      | XOM: give mutation
  5082 | D:5      | Lost mutation: Your body is deteriorating. [Xom's mischief]
  5096 | D:5      | Reached skill level 5 in Fighting
  5274 | D:5      | XOM: confuse monster(s)
  5387 | D:5      | Found a deep blue altar of Sif Muna.
  5553 | D:5      | Found Plexab's Antique Armour Shoppe.
  5832 | D:6      | XOM: divination: detect items
  5874 | D:6      | XOM: 2-stop teleportation journey
  5880 | D:6      | Found a white marble altar of Elyvilon.
  5901 | D:6      | XOM: 9-stop teleportation journey
  6105 | D:6      | Reached skill level 7 in Short Blades
  6105 | D:6      | Reached XP level 9. HP: 35/47 MP: 10/12
  6211 | D:6      | XOM: cast spell 'Conjure Ball Lightning'
  6212 | D:6      | Killed by an exploding ball lightning

Action                   |  1- 3 |  4- 6 |  7- 9 || total
-------------------------+-------+-------+-------++-------
Melee: Short sword       |    79 |   109 |   195 ||   383
       Unarmed           |       |     2 |       ||     2
Throw: Stone             |    91 |   100 |    94 ||   285
       Tomahawk          |    14 |    44 |    70 ||   128
Evoke: Wand              |       |     2 |       ||     2
  Use: Potion            |     3 |     5 |     3 ||    11
       Scroll            |     2 |     7 |     1 ||    10
 Stab: Petrifying        |       |     1 |     1 ||     2
       Confused          |       |     1 |       ||     1
       Paralysed         |       |     2 |     4 ||     6
       Invisible         |       |     1 |       ||     1
  Eat: Chunk             |     1 |     7 |     9 ||    17

Vault maps used:
D:1:      minmay_arrival_hallway
D:2:      nemelex_deck
D:3:      nicolae_qazlal_eye_of_the_storm, first_bread,
          kennysheep_generic_room_4, uniq_robin
D:4:      nicolae_overflow_crystal_walls, hangedman_ru_absence,
          overflow_temple_1_default, uniq_edmund
D:5:      lemuel_crystal_altar, minmay_temple_entry_glass, serial_shops,
          kennysheep_mini_moat
D:6:      lemuel_round_altar, serial_bayou, serial_bayou_shore_b,
          serial_bayou_pond_a, serial_bayou_pond_d, serial_bayou_pond_b,
          uniq_crazy_yiuf_cottage
